 Dungeon Crawl Stone Soup version 0.28-a0-980-g3664467d6e (webtiles) character file.

Game seed: 2095996704634018866

14324 BinkBink the Severer (level 11, -1/101 HPs)
             Began as a Minotaur Monk on Dec 2, 2021.
             Was the Champion of Okawaru.
             Slain by a seven-headed hydra (7 damage)
             ... on level 10 of the Dungeon.
             The game lasted 00:25:15 (10481 turns).

BinkBink the Severer (Minotaur Monk)               Turns: 10481, Time: 00:25:15

Health: -1/101     AC:  9    Str: 17    XL:     11   Next: 87%
Magic:  0/10       EV: 20    Int:  7    God:    Okawaru [******]
Gold:   788        SH:  0    Dex: 16    Spells: 10/10 levels left

rFire   + . .      SeeInvis .   w - +8 battleaxe (vorpal)
rCold   + . .      Faith    .   (shield currently unavailable)
rNeg    . . .      Spirit   +   j - +0 troll leather armour {Pargi}
rPois   .          Reflect  .   (helmet restricted)
rElec   .          Harm     .   L - scarf {rC+ rF+}
rCorr   .          Rampage  .   (no gloves)
Will    .....                   x - +2 pair of boots {Fly}
Stlth   ++........              t - amulet of guardian spirit
HPRegen 1.06/turn               H - +4 ring of evasion
MPRegen 0.12/turn               (no ring)

@: mighty, about to teleport, attractive, flying
A: horns 2, retaliatory headbutt
a: Renounce Religion, Heroism, Finesse, Duel


You were on level 10 of the Dungeon.
You worshipped Okawaru.
Okawaru was exalted by your worship.
You visited 1 branch of the dungeon, and saw 11 of its levels.
You also visited: Sewer and Bailey.

You collected 816 gold pieces.
You spent 28 gold pieces at shops.

Inventory:

Hand Weapons
 i - a +4 vorpal hand axe
 w - a +8 vorpal battleaxe (weapon)
 D - a +0 executioner's axe
Missiles
 q - 2 throwing nets (quivered)
Armour
 a - a +0 kite shield
 f - a +0 plate armour
 j - a +0 troll leather armour (worn) {Pargi}
 x - a +2 pair of boots of flying (worn)
 E - the +3 hat of Pondering {ponderous, Will+ MP+10 Int+5}
   (You took it off Gastronok on level 9 of the Dungeon)

   Int:       It affects your intelligence (+5).
   MP:        It affects your magic capacity (+10).
   Will:      It increases your willpower.
 L - a scarf of resistance (worn)
Jewellery
 t - an amulet of guardian spirit (around neck)
 u - an amulet of magic regeneration
 H - a +4 ring of evasion (left hand)
 J - a +6 ring of intelligence
Wands
 s - a wand of polymorph (8)
 C - a wand of iceblast (8)
 G - a wand of acid (5)
 M - a wand of flame (3)
Scrolls
 c - 4 scrolls of teleportation
 d - 2 scrolls of silence {unknown}
 h - a scroll of holy word {unknown}
 k - 3 scrolls of acquirement
 m - 3 scrolls of immolation
 v - 2 scrolls of fear
 y - a scroll of fog {unknown}
 I - a scroll of enchant armour {unknown}
 K - 5 scrolls of identify
Potions
 b - a potion of brilliance {unknown}
 e - a potion of berserk rage
 g - a potion of lignification {unknown}
 n - 2 potions of degeneration {unknown}
 o - 2 potions of might
 p - 2 potions of haste {unknown}
 r - 4 potions of curing
 z - a potion of heal wounds {unknown}
 A - a potion of resistance {unknown}
 B - 2 potions of attraction
 F - a potion of invisibility {unknown}
 N - a potion of magic {unknown}
Miscellaneous
 l - a condenser vane


   Skills:
 + Level 10.4 Fighting
 + Level 15.3 Axes
 * Level 9.7 Armour
 + Level 8.4 Dodging
 - Level 1.5 Stealth
 - Level 7.0 Shields


You had 10 spell levels left.
You didn't know any spells.
Your spell library contained the following spells:

 Spells                   Type           Power      Damage    Failure   Level
 Apportation              Tloc           0%         N/A       47%         1
 Corpse Rot               Necr/Air       0%         N/A       63%         2
 Ensorcelled Hibernation  Hex/Ice        0%         N/A       63%         2
 Dazzling Flash           Conj/Hex       0%         N/A       85%         3
 Gell's Gravitas          Tloc           0%         N/A       85%         3
 Lesser Beckoning         Tloc           0%         N/A       85%         3
 Spider Form              Tmut/Pois      0%         N/A       85%         3
 Teleport Other           Tloc           0%         N/A       85%         3
 Dispel Undead            Necr           0%         3d6       99%         4
 Iskenderun's Mystic Bla  Conj/Tloc      0%         2d3       99%         4
 Starburst                Conj/Fire      0%         6d3       100%        6
 Animate Skeleton         Necr           Unusable   N/A       N/A         1
 Summon Small Mammal      Summ           Unusable   N/A       N/A         1
 Death Channel            Necr           Unusable   N/A       N/A         6

Dungeon Overview and Level Annotations

Branches:
Dungeon (11/15)            Temple (0/1) D:5            Lair (0/6) D:8
    Orc (0/2) D:10          Sewer (visited)          Bailey (visited)

Altars:
Cheibriados
Hepliaklqana
Kikubaaqudgha
Okawaru
Ru
Uskayaw
Vehumet
Xom
Yredelemnul
The Shining One

Shops:
D:4 *   D:9 (

Annotations:
D:4 2 transporters, Glundar's ghost, amateur GrBe
D:5 exclusion: oklob sapling


Innate Abilities, Weirdness & Mutations

You have a pair of horns on your head.
You reflexively headbutt those who attack you in melee.


Message History

The seven-headed hydra closely misses you.
The seven-headed hydra bites you! x2
The yak closely misses you. You furiously retaliate!
You headbutt the yak! The yak gores you but does no damage.
The vampire mosquito barely misses you.
The vampire mosquito bites you but does no damage.
You slice the vampire mosquito!!
You destroy the vampire mosquito!
Okawaru accepts your kill.
You completely miss the yak.
The yak is heavily wounded.
The yak gores you!
* * * LOW HITPOINT WARNING * * *
Okay, then.
As you read the scroll of fear, it crumbles to dust.
You assume a fearsome visage.
The vampire mosquito is unaffected.
The yak looks frightened!
The seven-headed hydra resists with some effort.
As you read the scroll of teleportation, it crumbles to dust.
You feel strangely unstable.
It was a potion of might.
You feel very mighty all of a sudden.
The seven-headed hydra bites you but does no damage.
The seven-headed hydra misses you. The seven-headed hydra bites you.
* * * LOW HITPOINT WARNING * * *
The seven-headed hydra closely misses you.
The seven-headed hydra barely misses you.
The seven-headed hydra bites you!
* * * LOW HITPOINT WARNING * * *
The seven-headed hydra bites you!
* * * LOW HITPOINT WARNING * * *
It was a potion of attraction.
You feel attractive to monsters.
The seven-headed hydra completely misses you.
You furiously retaliate!
You headbutt the seven-headed hydra!
The seven-headed hydra barely misses you.
The seven-headed hydra completely misses you.
The seven-headed hydra bites you but does no damage.
The seven-headed hydra bites you!
You die...

...##########.######.......#
...######## #.# #.......#
..........# #.# #.......#
..........# #.# #.......#
#..)......# #.# ####.######
#.........# #.# #....#
#.........###.# #....#
............#.####....#
#............YyD@♣♣≈..####
##........###.##♣♣♣†♣....##
.##...........♣ ♣≈≈≈PP##..#
..##........>♣♣♣♣≈≈≈≈≈≈##.##
...#........≈♣♣≈≈≈≈≈≈≈≈≈#..#
)..##......≈♣≈≈≈≈≈≈≈≈≈≈≈♣#.#
....#.....≈≈≈≈P≈≈≈≈≈≈≈≈≈≈≈.#
##..#....♣≈≈≈P≈≈≈≈≈≈≈≈≈≈≈≈.#
###.##...≈≈≈≈≈≈≈≈≈≈≈≈≈≈≈...#


You could see a seven-headed hydra, a yak and a vampire mosquito.

Vanquished Creatures
  Gastronok (D:9)
  Erica (D:10)
  A centaur warrior (D:10)
  Pikel (D:7)
  A deep elf pyromancer (D:8)
  2 orc knights (Bailey)
  Maggie (D:6)
  3 kobold demonologists
  A wraith (D:10)
  Sigmund (D:3)
  2 yaks
  A wyvern (D:9)
  A vampire mosquito (D:10)
  2 steam dragons
  A warg (D:10)
  Duvessa (D:5)
  2 water moccasins
  Pargi (Sewer)
  18 orc warriors
  2 sky beasts (D:6)
  2 ice beasts
  5 ogres
  2 necrophages
  4 centaurs
  2 phantoms
  10 kobold brigands
  A wyvern zombie (D:7)
  2 bullfrogs
  A gnoll sergeant (D:5)
  4 scorpions
  A water moccasin skeleton (D:5)
  Dowan (D:5)
  11 killer bees
  13 wights
  A howler monkey (D:9)
  13 electric eels
  7 crimson imps (D:8)
  A bullfrog zombie (D:6)
  6 hounds
  A jelly (D:7)
  5 orc priests
  3 centaur skeletons
  2 gnoll shamans (D:7)
  9 orc wizards
  A scorpion zombie (D:5)
  4 iguanas
  2 howler monkey zombies
  21 gnolls
  A howler monkey skeleton (D:7)
  5 adders
  4 shadow imps
  3 white imps
  2 ufetubi
  4 worms
  8 dart slugs
  34 orcs
  4 endoplasms
  4 giant cockroaches
  24 goblins
  15 hobgoblins
  4 jackals
  10 kobolds
  6 quokkas
  8 ball pythons
  13 bats
  4 frilled lizards
  8 rats
340 creatures vanquished.

Vanquished Creatures (others)
  A goblin (Bailey)
  5 fungi (D:8)
  13 plants
19 creatures vanquished.

Grand Total: 359 creatures vanquished

Notes
Turn   | Place    | Note
-------+----------+-------------------------------------------
     0 | D:1      | BinkBink the Minotaur Monk began the quest for the Orb.
     0 | D:1      | Reached XP level 1. HP: 19/19 MP: 0/0
   340 | D:1      | Reached XP level 2. HP: 27/27 MP: 1/1
   463 | D:1      | Reached skill level 4 in Axes
  1164 | D:2      | Reached XP level 3. HP: 23/33 MP: 2/2
  1257 | D:2      | Found a shimmering altar of Xom.
  1878 | D:2      | Reached skill level 1 in Armour
  1951 | D:2      | Found a faded altar of an unknown god.
  1963 | D:2      | Prayed at the altar of an unknown god.
  1963 | D:2      | Became a worshipper of Warmaster Okawaru
  1963 | D:2      | Reached * piety under Okawaru
  1963 | D:2      | Reached ** piety under Okawaru
  2045 | D:3      | Reached XP level 4. HP: 17/41 MP: 3/3
  2252 | D:3      | Reached skill level 5 in Axes
  2261 | D:3      | Found a glowing drain.
  2277 | Sewer    | Entered a sewer
  2282 | Sewer    | Reached *** piety under Okawaru
  2343 | Sewer    | Noticed Pargi
  2353 | Sewer    | Killed Pargi
  2354 | Sewer    | Reached skill level 1 in Shields
  2354 | Sewer    | Reached XP level 5. HP: 23/47 MP: 4/4
  2810 | D:3      | Found a hazy altar of Hepliaklqana.
  2849 | D:3      | Found a hide-covered altar of Uskayaw.
  2849 | D:3      | Found a radiant altar of Vehumet.
  2851 | D:3      | Found a basalt altar of Yredelemnul.
  2932 | D:3      | Noticed Sigmund
  2946 | D:3      | Killed Sigmund
  2947 | D:3      | Reached skill level 5 in Fighting
  2947 | D:3      | Reached skill level 6 in Axes
  2947 | D:3      | Reached XP level 6. HP: 46/56 MP: 5/5
  3253 | D:4      | Found Xikessaj's General Store.
  3263 | D:4      | Bought a scroll of identify for 28 gold pieces
  3282 | D:4      | Found a transporter.
  3285 | D:4      | Noticed Glundar's ghost (amateur GrBe)
  3332 | D:4      | Found a transporter.
  3513 | D:4      | Reached XP level 7. HP: 51/61 MP: 4/6
  3879 | D:5      | Entered Level 5 of the Dungeon
  3879 | D:5      | Found a staircase to the Ecumenical Temple.
  3898 | D:5      | Reached **** piety under Okawaru
  3947 | D:5      | Reached skill level 7 in Axes
  3958 | D:5      | Reached skill level 5 in Dodging
  4043 | D:5      | Reached XP level 8. HP: 27/70 MP: 3/7
  4107 | D:5      | Reached ***** piety under Okawaru
  4117 | D:5      | Reached skill level 8 in Axes
  4143 | D:5      | Noticed Duvessa
  4145 | D:5      | Noticed Dowan
  4170 | D:5      | Killed Dowan
  4171 | D:5      | Killed Duvessa
  4620 | D:6      | Reached skill level 5 in Armour
  4756 | D:6      | Reached skill level 9 in Axes
  4758 | D:6      | Reached skill level 5 in Shields
  4760 | D:6      | Received a gift from Okawaru
  4807 | D:6      | Reached XP level 9. HP: 73/78 MP: 5/8
  5358 | D:6      | Noticed Maggie
  5392 | D:6      | Killed Maggie
  5393 | D:6      | Reached skill level 10 in Axes
  5579 | D:6      | Identified the +9 long sword "Jellybane" {freeze, rF+}
  5588 | D:6      | Found a snail-covered altar of Cheibriados.
  5918 | D:7      | Found a flagged portal.
  5927 | Bailey   | Entered a bailey
  6038 | Bailey   | Found an iron altar of Okawaru.
  6038 | Bailey   | Noticed a kobold demonologist
  6038 | Bailey   | Noticed a kobold demonologist
  6061 | Bailey   | Noticed a hellwing
  6070 | Bailey   | Killed a kobold demonologist
  6112 | Bailey   | Killed a kobold demonologist
  6113 | Bailey   | Reached skill level 11 in Axes
  6152 | Bailey   | Reached XP level 10. HP: 49/88 MP: 4/9
  6510 | Bailey   | Noticed an orc knight
  6559 | Bailey   | Killed an orc knight
  6669 | Bailey   | Noticed an orc knight
  6879 | Bailey   | Killed an orc knight
  6879 | Bailey   | Reached ****** piety under Okawaru
  6879 | Bailey   | Received a gift from Okawaru
  6880 | Bailey   | Reached skill level 12 in Axes
  7316 | D:7      | Noticed Pikel
  7323 | D:7      | Killed Pikel
  7414 | D:7      | Found a sacrificial altar of Ru.
  8265 | D:8      | Noticed a deep elf pyromancer
  8312 | D:8      | Found a glowing golden altar of the Shining One.
  8329 | D:8      | Reached skill level 13 in Axes
  8364 | D:8      | Killed a deep elf pyromancer
  8365 | D:8      | Reached XP level 11. HP: 79/97 MP: 7/10
  8611 | D:8      | Found a staircase to the Lair.
  9086 | D:9      | Noticed Gastronok
  9103 | D:9      | Killed Gastronok
  9104 | D:9      | Reached skill level 14 in Axes
  9434 | D:9      | Found Joffun's Weapon Boutique.
  9578 | D:10     | Entered Level 10 of the Dungeon
  9595 | D:10     | Reached skill level 10 in Fighting
  9661 | D:10     | Found a staircase to the Orcish Mines.
  9817 | D:10     | Found an ancient bone altar of Kikubaaqudgha.
  9877 | D:10     | Noticed a centaur warrior
  9897 | D:10     | Killed a centaur warrior
  9897 | D:10     | Received a gift from Okawaru
  9972 | D:10     | Reached skill level 15 in Axes
 10143 | D:10     | Noticed Erica
 10263 | D:10     | Killed Erica
 10461 | D:11     | Noticed a seven-headed hydra
 10480 | D:10     | HP: 5/101 [seven-headed hydra (7)]
 10481 | D:10     | Slain by a seven-headed hydra

Illustrated notes

Levels and vault maps discovered:
D:1:      dpeg_arrival_simpleton_c, layout_loops_ring
D:2:      kennysheep_the_goblin_king, layout_loops_ring, basic_altar,
          hellmonk_ecumenical_altar_arch_garden
D:3:      layout_basic, nicolae_overflow_quartered_altars, portal_sewer_entry_f,
          hangedman_feature_mirror, serial_bayou_crossing, uniq_sigmund
D:4:      layout_basic, serial_shops, nicolae_shop_hallway_plus,
          gammafunk_ghost_arena, minmay_increasing_density
D:5:      layout_cave_pools, minmay_temple_entry_oklob, minmay_misc_feat_chi,
          uniq_duvessa
D:6:      kb_forest_paths, layout_loops_ring, cheibrodos_worm_habitat,
          minivault_4, uniq_maggie
D:7:      layout_basic, mainiacjoe_overflow_surrounded_room, enter_bailey_3,
          uniq_pikel
D:8:      layout_rooms, kennysheep_mini_moat, dpeg_oklobed_lair, special_room
          [special_room_kobold], minmay_nine_imps
D:9:      layout_roguey, serial_shops, shop, uniq_gastronok
D:10:     layout_rooms, kiku_gazebo_garden_becter, david_orc_1_choice,
          serial_bayou_lagoon_b, uniq_erica
D:11:     layout_cave_pools, gauntlet_entry_generic,
          portal_ice_cave_entry_pillars_1

Skill      XL: |  1  2  3  4  5  6  7  8  9 10 11 |
---------------+----------------------------------+-----
Axes           | 4 5 6 7 9 11 13 15 | 15.3
Fighting       | 4 5 6 7 9 10 | 10.4
Armour         | 1 2 3 4 5 6 8 9 |  9.7
Dodging        | 4 5 6 7 8 |  8.4
Shields        | 1 2 3 5 6 7 |  7.0
Stealth        | |  1.5

Action                   |  1- 3 |  4- 6 |  7- 9 | 10-12 || total
-------------------------+-------+-------+-------+-------++-------
Melee: Hand axe          |   119 |   104 |   315 |    40 ||   578
       Headbutt          |    13 |    12 |    63 |    58 ||   146
       Battleaxe         |       |       |       |   326 ||   326
  Use: Scroll            |       |     1 |     6 |     3 ||    10
       Potion            |       |       |     1 |     3 ||     4
 Stab: Sleeping          |     3 |     2 |     3 |     1 ||     9
       Distracted        |       |       |     2 |     1 ||     3
Armor: Robe              |    15 |     4 |       |       ||    19
       Troll leather arm |       |     9 |    36 |    64 ||   109
Dodge: Dodged            |    85 |    71 |   163 |   209 ||   528

Table legend: (Time is in decaauts)
 A = Elapsed time spent in this place.
 B = Non-inter-level travel time spent in this place.
 C = Inter-level travel time spent in this place.
 D = Time resting spent in this place.
 E = Time spent auto-exploring this place.
 F = Levels seen in this place.
 G = Mean time per level.
                   A        B        C        D        E       F      G
               +--------+--------+--------+--------+--------+-----+--------+
         Total |  10537 |  10216 |    321 |      0 |   7494 |  13 |  810.5 |
       Dungeon |   8883 |   8562 |    321 |      0 |   6644 |  11 |  807.5 |
         Sewer |    316 |    316 |      0 |      0 |    240 |   1 |  316.0 |
        Bailey |   1337 |   1337 |      0 |      0 |    610 |   1 | 1337.0 |
               +--------+--------+--------+--------+--------+-----+--------+

Top non-repeatable levels by time:
  Bailey: 1337 daAuts
     D:2: 1318 daAuts
     D:6: 1173 daAuts
     D:7: 1113 daAuts
    D:10: 919 daAuts
     D:1: 908 daAuts
     D:5: 733 daAuts
     D:3: 732 daAuts
     D:8: 692 daAuts
     D:9: 659 daAuts
     D:4: 625 daAuts
   Sewer: 316 daAuts
    D:11: 7 daAuts
